Map: Romanticide LE

Players

goblin

  • Race: Protoss Protoss

Strange - Winner!

  • Race: Protoss Protoss

Event: DreamHack SC2 Masters 2021 Fall

VOD

Have the link to the VOD?

Description

Time

  • Played on: July 30, 2021, 11:35 a.m.
  • Length: 21:18

All games in this series

Show
View Real Time Build Order
Export as new Build Order

goblin Protoss 

Build Orders: Oracle Opening 

Get SALT Encoding   

  12  0:00  Probe  
  13  0:12  Probe  
  14  0:17  Pylon  
  14  0:24  Probe (Chrono Boost)  
  15  0:36  Probe (Chrono Boost)  
  15  0:37  Gateway  
  16  0:45  Probe (Chrono Boost)  
  16  0:46  Assimilator  
  17  0:51  Probe  
  17  0:54  Assimilator  
  18  1:03  Probe (Chrono Boost)  
  19  1:10  Gateway  
  19  1:13  Probe (Chrono Boost)  
  19  1:18  Probe (Chrono Boost)  
  20  1:24  Cybernetics Core  
  21  1:29  Probe  
  22  1:39  Pylon  
  22  1:41  Probe  
  23  1:57  Probe  
  23  2:00  Stalker  
  23  2:01  Stalker  
  28  2:02  Warp Gate  
  28  2:13  Pylon  
  28  2:28  Stargate  
  28  2:31  Stalker  
  28  2:36  Stalker  
  31  3:06  Nexus  
  31  3:09  Oracle (Chrono Boost)  
  34  3:18  Probe  
  35  3:21  Pylon  
  35  3:28  Shield Battery  
  35  3:34  Void Ray (Chrono Boost)  
  39  3:47  Shield Battery  
  39  4:02  Probe  
  40  4:04  Stalker  
  40  4:06  Stalker  
  44  4:12  Void Ray (Chrono Boost)  
  48  4:30  Stalker  
  50  4:35  Stalker  
  51  4:53  Zealot  
  51  4:59  Void Ray (Chrono Boost)  
  47  5:06  Zealot  
  53  5:14  Stalker  
  53  5:22  Shield Battery  
  53  5:27  Stalker  
  55  5:33  Pylon  
  55  5:40  Void Ray  
  59  5:57  Zealot  
  59  5:59  Probe  
  59  6:00  Probe  
  63  6:04  Adept  
  65  6:15  Pylon  
  65  6:26  Void Ray (Chrono Boost)  
  65  6:27  Stalker  
  67  6:33  Probe  
  72  6:48  Zealot  
  72  6:52  Shield Battery  
  74  6:57  Void Ray (Chrono Boost)  
  74  6:58  Pylon  
  78  7:19  Adept  
  78  7:21  Zealot  
  82  7:35  Pylon  
  82  7:37  Oracle  
  85  7:44  Shield Battery  
  74  8:22  Adept, Zealot  
  78  8:43  Pylon  
  78  8:45  Pylon  
  78  8:55  Void Ray (Chrono Boost)  
  78  9:01  Probe x2 (Chrono Boost)  
  80  9:05  Sentry  
  86  9:13  Probe x2 (Chrono Boost)  
  88  9:21  Probe x2 (Chrono Boost)  
  90  9:27  Probe x2  
  92  9:32  Pylon  
  92  9:39  Probe  
  92  9:40  Probe  
  94  9:47  Pylon  
  94  9:52  Probe  
  95  9:53  Twilight Council, Probe  
  96  10:04  Probe  
  97  10:08  Robotics Facility, Probe  
  92  10:20  Probe x2  
  94  10:28  Blink (Chrono Boost)  
  94  10:37  Nexus  
  94  10:40  Probe  
  94  10:41  Probe  
  96  10:49  Stalker  
  98  10:51  Stalker  
  100  10:57  Observer (Chrono Boost)  
  100  10:59  Probe x2  
  103  11:08  Pylon  
  103  11:12  Stalker  
  103  11:14  Observer (Chrono Boost), Stalker  
  108  11:20  Probe  
  108  11:24  Probe  
  110  11:26  Forge  
  110  11:30  Shield Battery  
  110  11:34  Probe  
  110  11:36  Probe  
  112  11:40  Stalker  
  114  11:53  Stalker  
  115  12:01  Probe x2  
  116  12:03  Protoss Ground Weapons Level 1 (Chrono Boost)  
  116  12:04  Probe  
  117  12:13  Probe  
  117  12:15  Photon Cannon  
  113  12:38  Probe (Chrono Boost)  
  113  12:41  Stalker x2  
  113  12:43  Probe (Chrono Boost)  
  119  12:48  Probe (Chrono Boost)  
  119  12:51  Photon Cannon x2  
  120  12:54  Probe x2 (Chrono Boost)  
  120  12:57  Probe (Chrono Boost)  
  122  12:59  Gateway x2  
  122  13:01  Probe x2 (Chrono Boost)  
  125  13:15  Probe (Chrono Boost)  
  125  13:16  Pylon x2  
  125  13:18  Probe (Chrono Boost)  
  127  13:22  Probe (Chrono Boost)  
  127  13:25  Charge, Probe (Chrono Boost)  
  127  13:26  Probe (Chrono Boost)  
  128  13:27  Stalker x2  
  128  13:29  Assimilator  
  128  13:33  Assimilator  
  133  13:34  Probe  
  133  13:39  Photon Cannon  
  133  13:40  Shield Battery  
  134  13:43  Protoss Ground Weapons Level 2 (Chrono Boost)  
  134  13:46  Probe  
  134  13:47  Probe  
  136  14:00  Gateway  
  136  14:05  Gateway  
  136  14:10  Pylon  
  136  14:13  Zealot x4  
  136  14:16  Warp Prism  
  146  14:23  Templar Archives  
  146  14:35  Nexus  
  146  14:36  Pylon  
  146  14:38  Probe x2  
  148  14:39  Probe  
  149  14:50  Probe  
  149  14:52  Sentry  
  152  15:02  Probe x3  
  152  15:03  Pylon  
  152  15:04  Shield Battery  
  155  15:08  Gateway  
  155  15:09  Gateway  
  155  15:10  Pylon  
  155  15:14  High Templar x2, Probe  
  160  15:15  Zealot x2  
  160  15:19  Archon  
  160  15:20  Pylon  
  164  15:35  Zealot x3  
  167  15:37  Zealot  
  167  15:44  Pylon  
  167  15:45  Protoss Ground Weapons Level 3 (Chrono Boost)  
  167  15:46  Assimilator, Pylon x2  
  167  15:47  Assimilator  
  165  16:03  High Templar  
  165  16:04  High Templar x3  
  153  16:05  Zealot x4  
  153  16:09  Archon x2  
  153  16:30  High Templar x2  
  153  16:31  Zealot x2  
  161  16:36  Archon  
  161  16:37  Zealot x2  
  161  16:38  Zealot x2  
  169  16:48  Pylon  
  167  17:06  Zealot  
  167  17:07  High Templar, Zealot x3  
  167  17:08  High Templar, Zealot x2  
  171  17:14  Archon  
  124  17:27  Zealot x3  
  124  17:28  Zealot x2  
  120  17:31  Void Ray  
  120  17:32  Zealot  
  100  17:45  High Templar  
  100  17:46  High Templar  
  100  17:49  Archon  
  100  17:50  Shield Battery  
  104  17:51  Zealot x5  
  104  17:52  Zealot  
  116  18:07  Nexus  
  116  18:08  Photon Cannon  
  116  18:10  Shield Battery  
  116  18:12  Pylon  
  116  18:13  Shield Battery  
  116  18:14  Pylon, High Templar x2, Zealot  
  116  18:15  Zealot x3  
  116  18:19  Archon  
  128  18:32  Assimilator  
  128  18:36  Photon Cannon  
  128  18:41  High Templar x2, Zealot x4  
  134  18:45  Archon  
  140  18:52  Protoss Shields Level 1 (Chrono Boost)  
  140  18:55  Zealot x2  
  133  19:12  Zealot x4  
  139  19:24  High Templar x2, Zealot x2  
  143  19:28  Archon  
  133  19:39  High Templar  
  133  19:40  Zealot  
  133  19:41  Zealot  
  133  19:43  Assimilator  
  139  19:46  Shield Battery, Gateway  
  139  19:47  High Templar  
  139  19:48  Zealot x2  
  139  19:50  Shield Battery  
  139  19:51  Archon  
  121  20:07  Zealot x4  
  89  20:15  Zealot x3  
  88  20:29  High Templar x2  
  88  20:32  High Templar  
  88  20:33  High Templar, Archon  
  88  20:34  Zealot x2  
  100  20:37  Archon  
  100  20:38  Warp Prism  
  102  20:45  Stalker  
  102  20:49  Stalker  
  104  20:53  Zealot  
  92  21:08  Zealot x2  
  92  21:09  Zealot  
Show
View Real Time Build Order
Export as new Build Order

Strange Protoss - Winner!

Build Orders:  

Get SALT Encoding   

  12  0:00  Probe  
  13  0:12  Probe  
  14  0:17  Pylon  
  14  0:24  Probe (Chrono Boost)  
  16  0:37  Gateway, Probe (Chrono Boost)  
  16  0:42  Probe (Chrono Boost)  
  16  0:45  Assimilator  
  17  0:52  Probe (Chrono Boost)  
  17  0:54  Assimilator  
  18  1:05  Probe (Chrono Boost)  
  18  1:09  Gateway  
  19  1:13  Probe (Chrono Boost)  
  20  1:19  Probe  
  20  1:24  Cybernetics Core  
  21  1:31  Probe  
  22  1:35  Pylon  
  22  1:43  Probe  
  23  1:55  Probe  
  23  1:58  Warp Gate (Chrono Boost)  
  23  2:00  Stalker  
  23  2:01  Stalker  
  28  2:15  Pylon  
  29  2:23  Pylon  
  28  2:30  Stalker  
  28  2:33  Stalker  
  28  2:37  Robotics Facility  
  32  2:43  Gateway  
  32  3:00  Stalker  
  32  3:03  Shield Battery, Stalker  
  36  3:09  Pylon  
  36  3:21  Warp Prism (Chrono Boost)  
  38  3:47  Stalker x3  
  44  3:54  Pylon  
  44  4:02  Observer  
  44  4:10  Stalker  
  44  4:15  Stalker  
  46  4:18  Stalker  
  46  4:22  Probe  
  49  4:43  Stalker x2  
  53  4:46  Stalker  
  53  5:05  Observer, Warp Prism (Chrono Boost)  
  49  5:29  Twilight Council  
  49  5:30  Sentry, Stalker  
  53  5:52  Observer  
  53  5:56  Probe  
  53  5:57  Pylon  
  54  6:07  Dark Shrine  
  54  6:11  Pylon  
  54  6:19  Stalker  
  54  6:20  Zealot  
  58  6:26  Stalker  
  60  6:35  Pylon  
  60  6:49  Stalker  
  62  7:20  Dark Templar x2  
  66  7:50  Dark Templar  
  66  7:59  Warp Prism  
  66  8:10  Blink (Chrono Boost)  
  61  8:20  Zealot x2  
  65  8:27  Pylon  
  61  8:46  Nexus  
  61  8:48  Probe  
  62  8:57  Stalker x3  
  62  9:00  Probe  
  69  9:08  Shield Battery  
  69  9:16  Probe  
  70  9:29  Probe  
  68  9:41  Probe  
  68  9:44  Dark Templar  
  71  9:53  Probe  
  71  9:54  Sentry  
  71  9:57  Sentry  
  76  10:05  Probe  
  76  10:06  Probe  
  78  10:17  Probe (Chrono Boost)  
  78  10:18  Probe (Chrono Boost)  
  78  10:24  Forge  
  78  10:25  Assimilator  
  78  10:29  Probe (Chrono Boost)  
  78  10:30  Probe (Chrono Boost)  
  78  10:32  Observer  
  81  10:38  Probe (Chrono Boost)  
  81  10:40  Probe (Chrono Boost)  
  83  10:47  Probe  
  84  10:56  Pylon  
  84  10:58  Nexus  
  84  10:59  Protoss Ground Weapons Level 1 (Chrono Boost)  
  84  11:08  Charge (Chrono Boost)  
  84  11:12  Probe  
  84  11:13  Probe  
  84  11:18  Photon Cannon  
  86  11:25  Dark Templar, Probe  
  89  11:27  Dark Templar  
  89  11:29  Probe  
  92  11:58  Probe x2  
  92  12:00  Gateway  
  91  12:05  Dark Templar x2  
  91  12:06  Gateway  
  93  12:10  Probe x2  
  93  12:12  Probe  
  96  12:22  Probe  
  95  12:23  Probe  
  95  12:24  Probe  
  95  12:34  Probe  
  95  12:35  Probe  
  95  12:36  Probe, Immortal (Chrono Boost)  
  94  12:37  Shield Battery  
  94  12:43  Gateway  
  98  12:46  Gateway, Probe  
  98  12:47  Probe  
  98  12:48  Probe  
  98  12:50  Dark Templar x2  
  98  12:51  Protoss Ground Weapons Level 2 (Chrono Boost)  
  105  12:55  Archon  
  105  13:00  Photon Cannon  
  105  13:06  Zealot x3  
  105  13:10  Pylon  
  111  13:18  Pylon  
  111  13:21  Pylon  
  111  13:29  Dark Templar x2  
  115  13:36  Pylon  
  115  13:39  Photon Cannon  
  115  13:40  Pylon  
  115  13:41  Archon  
  115  13:44  Nexus  
  115  13:54  Pylon  
  115  13:58  Dark Templar x2, Probe x2  
  115  14:01  Zealot x2  
  115  14:02  Archon  
  125  14:08  Gateway  
  125  14:09  Zealot x2  
  129  14:16  Probe x3  
  132  14:17  Shield Battery  
  132  14:25  Dark Templar x2  
  132  14:31  Archon, Zealot x2  
  137  14:32  Zealot, Warp Prism (Chrono Boost)  
  144  14:49  Dark Templar x2  
  148  14:54  Zealot  
  148  14:55  Zealot x2, Archon  
  154  15:00  Zealot x2  
  158  15:07  Zealot  
  160  15:17  Pylon  
  160  15:18  Photon Cannon  
  160  15:27  Zealot  
  160  15:28  Zealot x7  
  168  15:51  Zealot x8  
  158  16:12  Stalker x8  
  156  16:35  Zealot x5  
  156  16:36  Zealot x3  
  156  16:37  Nexus  
  170  16:41  Sentry  
  170  16:44  Pylon  
  148  17:08  Zealot x2  
  148  17:09  Zealot x6  
  140  17:18  Observer  
  103  17:30  Zealot x7  
  103  17:31  Zealot  
  101  17:45  Gateway x2  
  101  17:48  Gateway  
  101  17:49  Gateway  
  101  17:51  Probe x5  
  106  17:52  Zealot x7  
  106  17:57  Protoss Ground Weapons Level 3 (Chrono Boost)  
  120  18:03  Probe x5  
  119  18:09  Photon Cannon  
  119  18:13  Zealot x4  
  119  18:14  Zealot  
  119  18:15  Probe x2  
  119  18:17  Assimilator  
  119  18:18  Shield Battery  
  131  18:23  Pylon  
  131  18:36  Zealot x8  
  147  18:49  Zealot x4  
  147  18:51  Immortal  
  157  19:06  Zealot x7  
  161  19:17  Zealot x5  
  171  19:26  Zealot x5  
  171  19:27  Zealot x2  
  174  19:34  Assimilator  
  174  19:38  Observer  
  158  19:40  Dark Templar x2, Zealot x3  
  158  19:44  Archon  
  168  19:49  Stalker x2, Zealot x2  
  168  19:50  Zealot x2  
  160  20:03  Zealot x2  
  160  20:04  Zealot x2  
  134  20:11  Zealot  
  134  20:12  Zealot x7  
  116  20:25  Zealot x4  
  124  20:32  Stalker x7  
  134  20:44  Zealot  
  134  20:46  Zealot  
  134  20:47  Zealot x3  
  142  20:56  Zealot x7  
  130  21:07  Zealot x3  
  130  21:08  Zealot x2  
  114  21:16  Zealot  

Tags
 
Add a new tag
Caveats
  • Supply blocks, unpowered buildings, or Contaminate may cause inaccurate times.
  • Supply counts are checked every 10 seconds.